 Dungeon Crawl Stone Soup version 0.29-a0-723-gce39da1c22 (webtiles) character file.

Game seed: 6139412637104873939

375 gobodom the Stinger (level 6, -6/33 HPs)
             Began as a Gargoyle Venom Mage on June 29, 2022.
             Mangled by an orc
             ... wielding a +0 war axe
              (8 damage)
             ... on level 4 of the Dungeon.
             The game lasted 00:18:00 (3525 turns).

gobodom the Stinger (Gargoyle Venom Mage)           Turns: 3525, Time: 00:18:02

Health: -6/33      AC:  8    Str: 11    XL:     6   Next: 72%
Magic:  1/11       EV: 12    Int: 24    God:
Gold:   212        SH:  0    Dex: 10    Spells: 4/12 levels left

rFire   . . .      SeeInvis .   h - +2 flail (venom)
rCold   . . .      Faith    .   (no shield)
rNeg    + . .      Spirit   .   a - +0 robe
rPois   ∞          Reflect  .   i - +0 helmet
rElec   +          Harm     .   g - +0 cloak
rCorr   .          Rampage  .   (no gloves)
Will    .....                   (no boots)
Stlth   ++........              (no amulet)
HPRegen 0.11/turn               f - +6 ring of intelligence
MPRegen 0.12/turn               (no ring)

@: no status effects
A: sickness immunity, AC +4, negative energy resistance 1, electricity
resistance, torment resistance 1, petrification resistance
a: no special abilities


You were on level 4 of the Dungeon.
You visited 1 branch of the dungeon, and saw 4 of its levels.

You collected 212 gold pieces.

Inventory:

Hand Weapons
 h - a +2 flail of venom (weapon)
 k - a +0 dagger of speed
 r - a +0 scythe of venom
 w - a +1 short sword of electrocution
Missiles
 l - 5 atropa-tipped darts
 t - 2 boomerangs of dispersal
Armour
 a - a +0 robe (worn)
 g - a +0 cloak (worn)
 i - a +0 helmet (worn)
Jewellery
 f - a +6 ring of intelligence (left hand)
 p - a ring of flight
Scrolls
 c - a scroll of vulnerability {unknown}
 d - 2 scrolls of magic mapping {unknown}
 e - a scroll of poison
 m - a scroll of immolation {unknown}
 n - a scroll of teleportation
 v - a scroll of brand weapon
Potions
 b - a potion of magic
 j - 2 potions of mutation {unknown}
 o - a potion of curing {unknown}
 s - 2 potions of degeneration {unknown}
 u - a potion of cancellation {unknown}
 x - a potion of attraction {unknown}


   Skills:
 + Level 0.5 Fighting
 + Level 1.0 Maces & Flails
 + Level 2.3 Dodging
 + Level 3.0 Stealth
 + Level 0.2 Unarmed Combat
 + Level 3.5 Spellcasting
 + Level 2.3 Transmutations
 * Level 4.8 Poison Magic


You had 4 spell levels left.
You knew the following spells:

 Your Spells              Type           Power      Damage    Failure   Level
a - Sting                 Tmut/Pois      84%        1d7       2%          1
b - Ignite Poison         Fire/Tmut/Pois 15%        N/A       12%         3
c - Olgreb's Toxic Radia  Pois           27%        N/A       14%         4

Your spell library contained the following spells:

 Spells                   Type           Power      Damage    Failure   Level
 Poisonous Vapours        Pois/Air       30%        N/A       6%          2
 Magic Dart               Conj           16%        1d3       11%         1
 Call Imp                 Summ           4%         N/A       16%         2
 Mephitic Cloud           Conj/Pois/Air  11%        N/A       16%         3
 Conjure Flame            Conj/Fire      4%         6-21      30%         3
 Sticky Flame             Conj/Fire      4%         2d3       71%         4


Dungeon Overview and Level Annotations

Branches:
Dungeon (4/15)
 Temple: D:4-7

Altars:
Kikubaaqudgha

Annotations:
D:4 Pikel


Innate Abilities, Weirdness & Mutations

You are immune to sickness and miasma.
Your stone body is resilient. (AC +4)
You are immune to poison.
You resist negative energy. (rN+)
You are resistant to electric shocks. (rElec)
You are resistant to unholy torment.
You are immune to petrification.


Message History

Pikel is lightly wounded.
The lemure shouts!
You hear a shout!
You hear an angry hiss.
Pikel hits you with a +1 whip of flaming.
Pikel burns you.
The sting misses Pikel.
The lemure shouts!
You hear a shout!
Pikel hits you with a +1 whip of flaming.
Pikel burns you.
The sting misses Pikel.
The sting misses the lemure.
Pikel barely misses you.
The sting misses Pikel.
The sting misses the lemure.
Pikel hits you with a +1 whip of flaming!
Pikel burns you.
You are too injured to fight recklessly!
Blink to where?
Press: ? - help, Q - select action, (/) - cycle Dir - move target, p - Pikel An orc and a hobgoblin come into view.
Found a tubular gilded ring, a pair of boots, 6 stones and an emerald potion.
As you read the scroll of blinking, it crumbles to dust.
The hobgoblin shouts!
You are too injured to fight recklessly!
Casting: Sting (safe; 2% risk of failure)
Confirm with . or Enter, or press ? or * to list all spells.
You don't have enough magic to cast this spell.
The orc shouts!
You sock the hobgoblin!
You kill the hobgoblin!
A quokka comes into view.
You barely miss the orc. The orc barely misses you.
The orc hits you with a +0 war axe.
* * * LOW HITPOINT WARNING * * *
You closely miss the orc. The orc hits you with a +0 war axe.
* * * LOW HITPOINT WARNING * * *
You hit the orc.
The orc is poisoned.
The orc is severely wounded.
The quokka twitches its whiskers.
The orc hits you but does no damage.
A dart slug comes into view.
The quokka twitches its whiskers.
The orc hits you with a +0 war axe!
You die...

....+. #...........
#...#.## #............
#... ..# #............
#... #.# ............
#... #.## ...........
###...##..####..........
.5'555.§K..5.5..........
###...###†####K.r......#
#### #.# #..@o...=.w #.#
#.........# #.##
#.........+ #..#
#.....[(..# ##.#
#...!.....#
#.##########.## #..# .#
##.## # #..#


You could see Pikel, 2 lemures, a dart slug, an orc (very poisoned) and a
quokka.

Vanquished Creatures
  Sigmund (D:2)
  Natasha (thrice) (D:2)
  Terence (D:2)
  2 adders (D:2)
  4 dart slugs
  8 orcs
  8 ball pythons
  4 bats (D:1)
  A bat zombie (D:3)
  4 endoplasms (D:1)
  3 giant cockroaches
  6 goblins
  5 hobgoblins
  7 jackals
  3 quokkas
  A frilled lizard (D:1)
  9 kobolds
  9 rats
  A rat zombie (D:3)
  A spectral kobold (D:1)
81 creatures vanquished.

Notes
Turn   | Place    | Note
-------+----------+-------------------------------------------
     0 | D:1      | gobodom the Gargoyle Venom Mage began the quest for the
                  | Orb.
     0 | D:1      | Reached XP level 1. HP: 10/10 MP: 3/3
   336 | D:1      | Reached XP level 2. HP: 10/15 MP: 0/5
   726 | D:1      | Found a faded altar of an unknown god.
   813 | D:1      | Reached XP level 3. HP: 19/19 MP: 3/6
  1096 | D:1      | Reached skill level 1 in Transmutations
  1610 | D:2      | You fall into a shaft and drop 2 floors!
  1626 | D:4      | Noticed Pikel
  1626 | D:4      | Noticed a lemure
  1626 | D:4      | Noticed a lemure
  1626 | D:4      | Noticed a lemure
  1626 | D:4      | Noticed a lemure
  1644 | D:4      | Noticed a scorpion
  1802 | D:2      | Noticed Terence
  1815 | D:2      | Killed Terence
  1816 | D:2      | Reached XP level 4. HP: 19/24 MP: 2/7
  2257 | D:2      | Noticed Natasha
  2261 | D:2      | Killed Natasha
  2315 | D:2      | Reached XP level 5. HP: 24/28 MP: 6/9
  2387 | D:2      | Noticed Sigmund
  2398 | D:2      | Killed Sigmund
  2399 | D:2      | Reached skill level 4 in Poison Magic
  2399 | D:2      | Reached XP level 6. HP: 23/33 MP: 6/10
  2495 | D:2      | Learned a level 3 spell: Ignite Poison
  2762 | D:2      | Noticed Natasha
  2782 | D:2      | Killed Natasha
  2783 | D:2      | Reached skill level 1 in Maces & Flails
  2834 | D:2      | Noticed Natasha
  2848 | D:2      | Killed Natasha
  2921 | D:3      | Learned a level 4 spell: Olgreb's Toxic Radiance
  3302 | D:3      | Found an ancient bone altar of Kikubaaqudgha.
  3525 | D:4      | Mangled by an orc

Illustrated notes

Levels and vault maps discovered:
D:1:      amcnicky_arrival_flooded_fountain, layout_basic,
          dreamdust_ecumenical_altar_drowned_temple
D:2:      layout_basic, uniq_terence, uniq_sigmund, uniq_natasha
D:3:      layout_rooms, lemuel_zombie_altar_kikubaaqudgha
D:4:      layout_basic, kennysheep_mini, uniq_menkaure, uniq_pikel,
          uniq_blork_the_orc

Skill      XL: |  1  2  3  4  5  6 |
---------------+-------------------+-----
Transmutations | 1 2 |  2.3
Dodging        | 2 |  2.3
Stealth        | 3 |  3.0
Spellcasting   | 3 |  3.5
Poison Magic   | 4 |  4.8
Maces & Flails | 1 |  1.0
Fighting       | |  0.5
Unarmed Combat | |  0.2

Action                   |  1- 3 |  4- 6 || total
-------------------------+-------+-------++-------
Melee: Unarmed           |    15 |       ||    15
       Dagger            |    35 |       ||    35
       Flail             |    20 |    38 ||    58
 Cast: Sting             |    74 |    70 ||   144
  Use: Scroll            |     5 |     1 ||     6
       Potion            |     1 |       ||     1
Armor: Robe              |    30 |    34 ||    64
Dodge: Dodged            |    65 |    61 ||   126

Table legend: (Time is in decaauts)
 A = Elapsed time spent in this place.
 B = Non-inter-level travel time spent in this place.
 C = Inter-level travel time spent in this place.
 D = Time resting spent in this place.
 E = Time spent auto-exploring this place.
 F = Levels seen in this place.
 G = Mean time per level.
                   A        B        C        D        E       F      G
               +--------+--------+--------+--------+--------+-----+--------+
         Total |   3550 |   3534 |     16 |    507 |   2112 |   4 |  887.5 |
       Dungeon |   3550 |   3534 |     16 |    507 |   2112 |   4 |  887.5 |
               +--------+--------+--------+--------+--------+-----+--------+

Top non-repeatable levels by time:
     D:1: 1542 daAuts
     D:2: 1273 daAuts
     D:3: 534 daAuts
     D:4: 200 daAuts
